 Dungeon Crawl Stone Soup version 0.20-a0-957-g47ad1fd (webtiles) character file.

4237 nikopol the Covered (level 10, -3/63 HPs)
             Began as a Gargoyle Berserker on Apr 5, 2017.
             Was an Elder of Trog.
             Slain by Koga's ghost (9 damage)
             ... on level 9 of the Dungeon.
             The game lasted 00:20:13 (7487 turns).

nikopol the Covered (Gargoyle Berserker)            Turns: 7487, Time: 00:20:14

Health: -3/63      AC: 26    Str: 20    XL:     10   Next: 30%
Magic:  10/10      EV: 12    Int:  9    God:    Trog [****..]
Gold:   492        SH:  6    Dex: 12    Spells: 9/9 levels left

rFire    . . .     SeeInvis .   a - +0 war axe
rCold    . . .     Gourm    .   (no shield)
rNeg     + . .     Faith    .   k - +4 scale mail
rPois    ∞         Spirit   .   m - +2 helmet
rElec    +         Reflect  +   g - +0 cloak
rCorr    .         Harm     .   C - +0 pair of gloves
MR       .....                  p - +0 pair of boots
Stlth    ..........             E - +6 amulet of reflection
Regen    0.2/turn               (no ring)
MPRegen  0.2/turn               (no ring)

@: no status effects
A: negative energy resistance 1, electricity resistance, unbreathing,
petrification resistance, rot immunity, AC +7
a: Berserk, Trog's Hand, Brothers in Arms, Burn Spellbooks, Renounce Religion


You were on level 9 of the Dungeon.
You worshipped Trog.
Trog was greatly pleased with you.
You were near starving.

You visited 1 branch of the dungeon, and saw 9 of its levels.

You collected 541 gold pieces.
You spent 49 gold pieces at shops.

Inventory:

Hand Weapons
 a - a +0 war axe (weapon)
 z - a +0 shortbow
 A - a +0 hand axe
 N - a +2 flail of draining
Missiles
 x - 162 arrows (quivered)
Armour
 b - a +0 animal skin
 g - a +0 cloak (worn)
 k - a +4 scale mail (worn)
 m - a +2 helmet (worn)
 p - a +0 pair of boots (worn)
 C - a +0 pair of gloves (worn)
Jewellery
 E - a +6 amulet of reflection (around neck)
Wands
 t - a wand of disintegration (14/24)
 F - a wand of disintegration (14/24)
Scrolls
 i - 5 scrolls of identify
 j - 3 scrolls of immolation {unknown}
 u - a scroll of amnesia {unknown}
 v - 3 scrolls of enchant armour {unknown}
 w - 3 scrolls of fear {unknown}
 y - 3 scrolls of teleportation {unknown}
 D - 2 scrolls of magic mapping {unknown}
 G - 4 scrolls of fog {unknown}
 I - a scroll of noise {unknown}
 J - a scroll of enchant weapon {unknown}
 M - a scroll of vulnerability {unknown}
Potions
 e - a potion of might {unknown}
 f - a potion of invisibility {unknown}
 l - a potion of berserk rage {unknown}
 n - a potion of flight {unknown}
 o - 2 potions of agility {unknown}
 r - a potion of mutation {unknown}
 s - 4 potions of heal wounds {unknown}
 B - a potion of ambrosia {unknown}
 H - a potion of resistance {unknown}
 K - a potion of magic {unknown}
Comestibles
 c - 4 bread rations
 d - 4 fruits
 h - 4 meat rations
 q - 2 royal jellies


   Skills:
 + Level 7.5 Fighting
 * Level 7.5 Axes
 * Level 5.5 Bows
 + Level 7.8 Armour
 + Level 5.4 Dodging


You had 9 spell levels left.
You didn't know any spells.

Dungeon Overview and Level Annotations

Branches:
Dungeon (9/15)             Temple (0/1) D:5
   Lair: D:8-11         Orc: D:9-12

Altars:
Ashenzari
Fedhas
Makhleb
Wu Jian
Zin

Shops:
D:4 ?   D:7 [   D:8 [

Annotations:
D:9 Koga's ghost, journeyman GrFi


Innate Abilities, Weirdness & Mutations

You are resistant to torment.
Your stone body is resilient. (AC +7)
You are immune to poison.
You resist negative energy. (rN+)
You are resistant to electric shocks. (rElec)
You can survive without breathing.
You are immune to petrification.
You are immune to rotting.


Message History

Koga's ghost is moderately damaged.
You closely miss the crimson imp.
Koga's ghost hits you but does no damage.
The crimson imp hits you but does no damage.
You slash Koga's ghost!
Koga's ghost is heavily damaged.
You closely miss the crimson imp. Koga's ghost hits you!
* * * LOW HITPOINT WARNING * * *
The crimson imp blinks!
You slash Koga's ghost!
Koga's ghost is heavily damaged.
Koga's ghost hits you!
* * * LOW HITPOINT WARNING * * *
You hit Koga's ghost.
Koga's ghost is severely damaged.
You block Koga's ghost's attack.
You slash Koga's ghost!
Koga's ghost is severely damaged.
You slash the crimson imp! Koga's ghost hits you!
You die...

.###....#
......(.# .P
......(.# ..≈
........######.≈P
##..(.....<..≈P
#....<.......≈≈
#$.#.†.......≈≈
####W5.........
#..#@..........
#............≈.
..###...........≈#
.................#
.................#
..............####
..........<...#
..>......######
........##


You could see Koga's ghost and a crimson imp.

Vanquished Creatures
  A two-headed ogre (D:8)
  The ghost of Avack the Carver, a novice VSGl of Xom (D:8)
  2 hippogriffs
  2 steam dragons (D:6)
  The ghost of nikopol the Skirmisher, an amateur GrBe of Trog (D:4)
  A water moccasin (D:9)
  2 sky beasts
  An ice beast (D:8)
  3 ogres
  4 centaurs
  6 bullfrogs
  A scorpion (D:5)
  5 wights (D:7)
  A crimson imp (D:5)
  A bullfrog skeleton (D:7)
  A jelly (D:7)
  2 orc priests
  A hound (D:7)
  A gnoll shaman (D:5)
  3 worker ants
  4 iguanas
  5 orc wizards
  A hound skeleton (D:5)
  3 gnolls
  A worker ant zombie (D:8)
  7 adders
  A shadow imp (D:6)
  An ooze (D:3)
  An adder zombie (D:7)
  4 worms
  4 dart slugs
  3 leopard geckos
  23 orcs
  6 bats
  5 giant cockroaches
  8 goblins
  5 hobgoblins
  9 jackals
  2 quokkas
  4 frilled lizards
  8 kobolds
  A leopard gecko skeleton (D:4)
  2 quokka skeletons
  6 rats
  10 fungi (D:3)
164 creatures vanquished.

Notes
Turn   | Place    | Note
-------+----------+-------------------------------------------
     0 | D:1      | nikopol the Gargoyle Berserker began the quest for the Orb.
     0 | D:1      | Reached XP level 1. HP: 14/14 MP: 1/1
   247 | D:1      | Reached XP level 2. HP: 19/19 MP: 2/2
   616 | D:1      | Reached XP level 3. HP: 20/23 MP: 3/3
   881 | D:2      | Reached ** piety under Trog
  1145 | D:2      | Found an ornate altar of the Wu Jian Council.
  1197 | D:2      | Reached XP level 4. HP: 28/29 MP: 4/4
  1373 | D:2      | Found a blossoming altar of Fedhas.
  1397 | D:2      | Found a glowing silver altar of Zin.
  1437 | D:2      | Found a burning altar of Makhleb.
  2128 | D:3      | Found a shattered altar of Ashenzari.
  2132 | D:3      | Saw a vision of the Shoals and the Snake Pit.
  2132 | D:3      | Noticed a black mamba
  2132 | D:3      | Noticed an anaconda
  2132 | D:3      | Noticed a naga ritualist
  2132 | D:3      | Noticed a black mamba
  2132 | D:3      | Noticed a shock serpent
  2132 | D:3      | Noticed a merfolk
  2132 | D:3      | Noticed a merfolk siren
  2132 | D:3      | Noticed a merfolk
  2132 | D:3      | Noticed a sea snake
  2132 | D:3      | Noticed a merfolk siren
  2132 | D:3      | Noticed a merfolk
  2133 | D:3      | Noticed a naga
  2133 | D:3      | Noticed a sea snake
  2134 | D:3      | Noticed a shock serpent
  2459 | D:4      | Reached XP level 5. HP: 25/33 MP: 5/5
  2694 | D:4      | Found Laxzad's Magic Scroll Shoppe.
  2895 | D:4      | Noticed nikopol's ghost (amateur GrBe)
  2901 | D:4      | Killed nikopol's ghost
  2901 | D:4      | Reached XP level 6. HP: 39/39 MP: 6/6
  3221 | D:5      | Entered Level 5 of the Dungeon
  3511 | D:5      | Reached *** piety under Trog
  3511 | D:5      | Reached XP level 7. HP: 25/44 MP: 7/7
  3835 | D:5      | Found a staircase to the Ecumenical Temple.
  4024 | D:6      | Reached skill level 5 in Fighting
  4159 | D:6      | Reached skill level 5 in Armour
  4264 | D:6      | Noticed a steam dragon
  4265 | D:6      | Noticed a steam dragon
  4274 | D:6      | Killed a steam dragon
  4274 | D:6      | Reached skill level 5 in Axes
  4274 | D:6      | Reached XP level 8. HP: 19/50 MP: 8/8
  5169 | D:7      | Reached skill level 1 in Bows
  5278 | D:7      | Noticed a hippogriff
  5308 | D:7      | Killed a hippogriff
  5308 | D:7      | Reached XP level 9. HP: 25/56 MP: 9/9
  5638 | D:7      | Found Edodoc's Antique Armour Emporium.
  6037 | D:7      | Reached **** piety under Trog
  6159 | D:8      | Noticed a two-headed ogre
  6178 | D:8      | Killed a two-headed ogre
  6178 | D:8      | Reached skill level 5 in Dodging
  6239 | D:8      | Noticed Avack's ghost (novice VSGl)
  6381 | D:8      | Killed Avack's ghost
  6381 | D:8      | Reached skill level 5 in Bows
  6381 | D:8      | Reached XP level 10. HP: 63/63 MP: 10/10
  6805 | D:8      | Found Litaonuth's Armour Shop.
  7027 | D:8      | Bought a +0 pair of gloves for 49 gold pieces
  7451 | D:9      | Noticed Koga's ghost (journeyman GrFi)
  7487 | D:9      | Slain by Koga's ghost

Vault maps used:
D:1:      lightli_arrival_flooded_house
D:2:      minmay_door_path, nicolae_overflow_quartered_altars, first_bread,
          kennysheep_generic_room_4
D:3:      minmay_gold_behind_fungi, grunt_ashenzari_visionary
D:4:      serial_shops, nicolae_shop_waterfront, minmay_bisected
D:5:      minmay_temple_entry_statues_fountains
D:6:      kennysheep_steamy
D:7:      serial_shops, nicolae_shop_crystal
D:8:      serial_shops, shop
D:9:      hangedman_cross_cluster, hiddenorc2_lemuel, david_nohive_1,
          chequers_big_river

Skill      XL: |  1  2  3  4  5  6  7  8  9 |
---------------+----------------------------+-----
Axes           | 3 4 5 6 7 |  7.5
Dodging        | 2 3 4 5 |  5.4
Armour         | 3 4 5 6 7 |  7.8
Fighting       | 4 5 6 7 |  7.5
Bows           | 2 5 |  5.5

Action                   |  1- 3 |  4- 6 |  7- 9 | 10-12 || total
-------------------------+-------+-------+-------+-------++-------
Melee: Hand axe          |   104 |   334 |    27 |       ||   465
       War axe           |       |       |   217 |    96 ||   313
 Fire: Shortbow          |       |       |    67 |    45 ||   112
Invok: Berserk           |       |     1 |     4 |     1 ||     6
       Burn Spellbooks   |       |       |       |     2 ||     2
  Use: Scroll            |       |       |       |     1 ||     1
  Eat: Chunk             |     1 |     9 |    12 |     4 ||    26
Armor: Animal skin       |    20 |       |       |       ||    20
       Scale mail        |     5 |   162 |   215 |    64 ||   446
Dodge: Dodged            |    66 |   140 |   226 |    38 ||   470
Block: Other             |       |       |       |     9 ||     9
